Workbook

Sheet Cover
A1: Volaxi — DCF Model Template
A2: Free Excel template. Replace every blue input with deal facts before relying on any output.
A4: Prepared by | B4: CA Pranay Bhansali, Volaxi
A5: Contact | B5: pranay@thevolaxi.com
A6: Website | B6: https://thevolaxi.com/resources/dcf-model-template
A8: Tabs | B8: Assumptions | Forecast | DCF | Checks
A9: Convention | B9: Blue cells on a pale background are inputs. Everything else is a formula — do not overwrite.
A10: Discounting | B10: Mid-year convention toggle on the Assumptions tab (1 = mid-year, 0 = year-end).
A11: Currency / units | B11: Figures are in millions of the reporting currency; the model is unit-agnostic.
A13: Scope limits | B13: No three-statement integration, no debt schedule, no scenario manager, no segment build.
B14: Terminal value is Gordon growth, cross-checked against an exit EBITDA multiple.
B15: This template is a starting structure for analysis. It is not investment, tax or valuation advice.

Sheet Assumptions
A1: Assumptions
A2: All model inputs live here. Blue = input.
A4: Operating assumptions
A5: Base year revenue | B5: 250
A6: Revenue growth — year 1 | B6: 0.12
A7: Revenue growth — year 2 | B7: 0.1
A8: Revenue growth — year 3 | B8: 0.08
A9: Revenue growth — year 4 | B9: 0.06
A10: Revenue growth — year 5 | B10: 0.05
A11: EBITDA margin | B11: 0.22
A12: Depreciation & amortisation (% of revenue) | B12: 0.04
A13: Capital expenditure (% of revenue) | B13: 0.05
A14: Net working capital (% of revenue) | B14: 0.15
A15: Cash tax rate | B15: 0.25
A17: Cost of capital (WACC build)
A18: Risk-free rate | B18: 0.045
A19: Equity risk premium | B19: 0.055
A20: Levered beta | B20: 1.15
A21: Size / specific risk premium | B21: 0.015
A22: Pre-tax cost of debt | B22: 0.09
A23: Marginal tax rate (for debt shield) | B23: 0.25
A24: Target equity weight | B24: 0.7
A25: Target debt weight | B25: =1-B24 -> 0.3
A26: Cost of equity (CAPM + specific risk) | B26: =B18+B20*B19+B21 -> 0.12325
A27: After-tax cost of debt | B27: =B22*(1-B23) -> 0.0675
A28: WACC | B28: =B24*B26+B25*B27 -> 0.106525
A30: Terminal value and discounting
A31: Terminal growth rate (perpetuity) | B31: 0.03
A32: Exit EBITDA multiple (cross-check) | B32: 8
A33: Mid-year discounting (1 = yes, 0 = no) | B33: 1
A35: Enterprise to equity bridge
A36: Gross debt | B36: 120
A37: Cash and cash equivalents | B37: 25
A38: Debt-like items (pensions, leases, disputed tax) | B38: 10
A39: Surplus / non-operating assets | B39: 5
A40: Diluted shares outstanding (millions) | B40: 40

Sheet Forecast
A1: Forecast — unlevered free cash flow
A2: Five-year explicit forecast. All drivers come from the Assumptions tab.
B4: Base | C4: Year 1 | D4: Year 2 | E4: Year 3 | F4: Year 4 | G4: Year 5
A5: Revenue growth | C5: =Assumptions!$B$6 -> 0.12 | D5: =Assumptions!$B$7 -> 0.1 | E5: =Assumptions!$B$8 -> 0.08 | F5: =Assumptions!$B$9 -> 0.06 | G5: =Assumptions!$B$10 -> 0.05
A6: Revenue | B6: =Assumptions!$B$5 -> 250 | C6: =B6*(1+C5) -> 280 | D6: =C6*(1+D5) -> 308 | E6: =D6*(1+E5) -> 332.64 | F6: =E6*(1+F5) -> 352.5984 | G6: =F6*(1+G5) -> 370.22832
A7: EBITDA | C7: =C6*Assumptions!$B$11 -> 61.6 | D7: =D6*Assumptions!$B$11 -> 67.76 | E7: =E6*Assumptions!$B$11 -> 73.1808 | F7: =F6*Assumptions!$B$11 -> 77.571648 | G7: =G6*Assumptions!$B$11 -> 81.45023
A8: Depreciation & amortisation | C8: =-C6*Assumptions!$B$12 -> -11.2 | D8: =-D6*Assumptions!$B$12 -> -12.32 | E8: =-E6*Assumptions!$B$12 -> -13.3056 | F8: =-F6*Assumptions!$B$12 -> -14.103936 | G8: =-G6*Assumptions!$B$12 -> -14.809133
A9: EBIT | C9: =C7+C8 -> 50.4 | D9: =D7+D8 -> 55.44 | E9: =E7+E8 -> 59.8752 | F9: =F7+F8 -> 63.467712 | G9: =G7+G8 -> 66.641098
A10: Cash tax on EBIT | C10: =-C9*Assumptions!$B$15 -> -12.6 | D10: =-D9*Assumptions!$B$15 -> -13.86 | E10: =-E9*Assumptions!$B$15 -> -14.9688 | F10: =-F9*Assumptions!$B$15 -> -15.866928 | G10: =-G9*Assumptions!$B$15 -> -16.660274
A11: NOPAT | C11: =C9+C10 -> 37.8 | D11: =D9+D10 -> 41.58 | E11: =E9+E10 -> 44.9064 | F11: =F9+F10 -> 47.600784 | G11: =G9+G10 -> 49.980823
A12: Add back D&A | C12: =-C8 -> 11.2 | D12: =-D8 -> 12.32 | E12: =-E8 -> 13.3056 | F12: =-F8 -> 14.103936 | G12: =-G8 -> 14.809133
A13: Capital expenditure | C13: =-C6*Assumptions!$B$13 -> -14 | D13: =-D6*Assumptions!$B$13 -> -15.4 | E13: =-E6*Assumptions!$B$13 -> -16.632 | F13: =-F6*Assumptions!$B$13 -> -17.62992 | G13: =-G6*Assumptions!$B$13 -> -18.511416
A14: Net working capital (balance) | B14: =B6*Assumptions!$B$14 -> 37.5 | C14: =C6*Assumptions!$B$14 -> 42 | D14: =D6*Assumptions!$B$14 -> 46.2 | E14: =E6*Assumptions!$B$14 -> 49.896 | F14: =F6*Assumptions!$B$14 -> 52.88976 | G14: =G6*Assumptions!$B$14 -> 55.534248
A15: (Increase) / decrease in NWC | C15: =-(C14-B14) -> -4.5 | D15: =-(D14-C14) -> -4.2 | E15: =-(E14-D14) -> -3.696 | F15: =-(F14-E14) -> -2.99376 | G15: =-(G14-F14) -> -2.644488
A16: Unlevered free cash flow | C16: =C11+C12+C13+C15 -> 30.5 | D16: =D11+D12+D13+D15 -> 34.3 | E16: =E11+E12+E13+E15 -> 37.884 | F16: =F11+F12+F13+F15 -> 41.08104 | G16: =G11+G12+G13+G15 -> 43.634052

Sheet DCF
A1: DCF valuation
A2: Discounts the Forecast tab at the WACC built on the Assumptions tab.
A4: WACC | B4: =Assumptions!$B$28 -> 0.106525
A5: Terminal growth | B5: =Assumptions!$B$31 -> 0.03
A6: Mid-year convention | B6: =Assumptions!$B$33 -> 1
A8: Discounting | C8: Year 1 | D8: Year 2 | E8: Year 3 | F8: Year 4 | G8: Year 5
A9: Period | C9: =1-$B$6*0.5 -> 0.5 | D9: =2-$B$6*0.5 -> 1.5 | E9: =3-$B$6*0.5 -> 2.5 | F9: =4-$B$6*0.5 -> 3.5 | G9: =5-$B$6*0.5 -> 4.5
A10: Discount factor | C10: =1/(1+$B$4)^C9 -> 0.95064722 | D10: =1/(1+$B$4)^D9 -> 0.85912856 | E10: =1/(1+$B$4)^E9 -> 0.77642038 | F10: =1/(1+$B$4)^F9 -> 0.7016745 | G10: =1/(1+$B$4)^G9 -> 0.6341244
A11: Unlevered free cash flow | C11: =Forecast!C16 -> 30.5 | D11: =Forecast!D16 -> 34.3 | E11: =Forecast!E16 -> 37.884 | F11: =Forecast!F16 -> 41.08104 | G11: =Forecast!G16 -> 43.634052
A12: Present value of FCF | C12: =C10*C11 -> 28.99474 | D12: =D10*D11 -> 29.468109 | E12: =E10*E11 -> 29.413909 | F12: =F10*F11 -> 28.825518 | G12: =G10*G11 -> 27.669417
A14: Terminal value
A15: Terminal year FCF (grown one year) | B15: =Forecast!G16*(1+$B$5) -> 44.943074
A16: Terminal value (Gordon growth) | B16: =B15/($B$4-$B$5) -> 587.29923
A17: Discount factor at exit | B17: =1/(1+$B$4)^5 -> 0.6028286
A18: Present value of terminal value | B18: =B16*B17 -> 354.04077
A19: Cross-check: exit multiple TV | B19: =Forecast!G7*Assumptions!$B$32 -> 651.60184
A20: Implied exit multiple on Gordon TV | B20: =B16/Forecast!G7 -> 7.2105288
A22: Enterprise and equity value
A23: PV of explicit forecast | B23: =SUM(C12:G12) -> 144.37169
A24: PV of terminal value | B24: =B18 -> 354.04077
A25: Enterprise value | B25: =B23+B24 -> 498.41247
A26: Terminal value as % of enterprise value | B26: =B24/B25 -> 0.71033691
A27: Less: gross debt | B27: =-Assumptions!$B$36 -> -120
A28: Add: cash | B28: =Assumptions!$B$37 -> 25
A29: Less: debt-like items | B29: =-Assumptions!$B$38 -> -10
A30: Add: surplus assets | B30: =Assumptions!$B$39 -> 5
A31: Equity value | B31: =B25+B27+B28+B29+B30 -> 398.41247
A32: Equity value per share | B32: =B31/Assumptions!$B$40 -> 9.9603117
A35: Sensitivity — enterprise value: WACC (rows) vs terminal growth (columns)
A36: Note: recalculated inline; the grid does not use an Excel data table.
B37: WACC \ g | C37: =$B$5+-0.01 -> 0.02 | D37: =$B$5+-0.005 -> 0.025 | E37: =$B$5+0 -> 0.03 | F37: =$B$5+0.005 -> 0.035 | G37: =$B$5+0.01 -> 0.04
B38: =$B$4+-0.01 -> 0.096525 | C38: =Forecast!C16/(1+$B38)^(1-$B$6*0.5)+Forecast!D16/(1+$B38)^(2-$B$6*0.5)+Forecast!E16/(1+$B38)^(3-$B$6*0.5)+Forecast!F16/(1+$B38)^(4-$B$6*0.5)+Forecast!G16/(1+$B38)^(5-$B$6*0.5)+(Forecast!G16*(1+C$37)/($B38-C$37))/(1+$B38)^5 -> 514.55202 | D38: =Forecast!C16/(1+$B38)^(1-$B$6*0.5)+Forecast!D16/(1+$B38)^(2-$B$6*0.5)+Forecast!E16/(1+$B38)^(3-$B$6*0.5)+Forecast!F16/(1+$B38)^(4-$B$6*0.5)+Forecast!G16/(1+$B38)^(5-$B$6*0.5)+(Forecast!G16*(1+D$37)/($B38-D$37))/(1+$B38)^5 -> 542.1235 | E38: =Forecast!C16/(1+$B38)^(1-$B$6*0.5)+Forecast!D16/(1+$B38)^(2-$B$6*0.5)+Forecast!E16/(1+$B38)^(3-$B$6*0.5)+Forecast!F16/(1+$B38)^(4-$B$6*0.5)+Forecast!G16/(1+$B38)^(5-$B$6*0.5)+(Forecast!G16*(1+E$37)/($B38-E$37))/(1+$B38)^5 -> 573.83952 | F38: =Forecast!C16/(1+$B38)^(1-$B$6*0.5)+Forecast!D16/(1+$B38)^(2-$B$6*0.5)+Forecast!E16/(1+$B38)^(3-$B$6*0.5)+Forecast!F16/(1+$B38)^(4-$B$6*0.5)+Forecast!G16/(1+$B38)^(5-$B$6*0.5)+(Forecast!G16*(1+F$37)/($B38-F$37))/(1+$B38)^5 -> 610.71052 | G38: =Forecast!C16/(1+$B38)^(1-$B$6*0.5)+Forecast!D16/(1+$B38)^(2-$B$6*0.5)+Forecast!E16/(1+$B38)^(3-$B$6*0.5)+Forecast!F16/(1+$B38)^(4-$B$6*0.5)+Forecast!G16/(1+$B38)^(5-$B$6*0.5)+(Forecast!G16*(1+G$37)/($B38-G$37))/(1+$B38)^5 -> 654.10447
B39: =$B$4+-0.005 -> 0.101525 | C39: =Forecast!C16/(1+$B39)^(1-$B$6*0.5)+Forecast!D16/(1+$B39)^(2-$B$6*0.5)+Forecast!E16/(1+$B39)^(3-$B$6*0.5)+Forecast!F16/(1+$B39)^(4-$B$6*0.5)+Forecast!G16/(1+$B39)^(5-$B$6*0.5)+(Forecast!G16*(1+C$37)/($B39-C$37))/(1+$B39)^5 -> 482.64145 | D39: =Forecast!C16/(1+$B39)^(1-$B$6*0.5)+Forecast!D16/(1+$B39)^(2-$B$6*0.5)+Forecast!E16/(1+$B39)^(3-$B$6*0.5)+Forecast!F16/(1+$B39)^(4-$B$6*0.5)+Forecast!G16/(1+$B39)^(5-$B$6*0.5)+(Forecast!G16*(1+D$37)/($B39-D$37))/(1+$B39)^5 -> 506.39475 | E39: =Forecast!C16/(1+$B39)^(1-$B$6*0.5)+Forecast!D16/(1+$B39)^(2-$B$6*0.5)+Forecast!E16/(1+$B39)^(3-$B$6*0.5)+Forecast!F16/(1+$B39)^(4-$B$6*0.5)+Forecast!G16/(1+$B39)^(5-$B$6*0.5)+(Forecast!G16*(1+E$37)/($B39-E$37))/(1+$B39)^5 -> 533.46903 | F39: =Forecast!C16/(1+$B39)^(1-$B$6*0.5)+Forecast!D16/(1+$B39)^(2-$B$6*0.5)+Forecast!E16/(1+$B39)^(3-$B$6*0.5)+Forecast!F16/(1+$B39)^(4-$B$6*0.5)+Forecast!G16/(1+$B39)^(5-$B$6*0.5)+(Forecast!G16*(1+F$37)/($B39-F$37))/(1+$B39)^5 -> 564.6131 | G39: =Forecast!C16/(1+$B39)^(1-$B$6*0.5)+Forecast!D16/(1+$B39)^(2-$B$6*0.5)+Forecast!E16/(1+$B39)^(3-$B$6*0.5)+Forecast!F16/(1+$B39)^(4-$B$6*0.5)+Forecast!G16/(1+$B39)^(5-$B$6*0.5)+(Forecast!G16*(1+G$37)/($B39-G$37))/(1+$B39)^5 -> 600.81919
B40: =$B$4+0 -> 0.106525 | C40: =Forecast!C16/(1+$B40)^(1-$B$6*0.5)+Forecast!D16/(1+$B40)^(2-$B$6*0.5)+Forecast!E16/(1+$B40)^(3-$B$6*0.5)+Forecast!F16/(1+$B40)^(4-$B$6*0.5)+Forecast!G16/(1+$B40)^(5-$B$6*0.5)+(Forecast!G16*(1+C$37)/($B40-C$37))/(1+$B40)^5 -> 454.45469 | D40: =Forecast!C16/(1+$B40)^(1-$B$6*0.5)+Forecast!D16/(1+$B40)^(2-$B$6*0.5)+Forecast!E16/(1+$B40)^(3-$B$6*0.5)+Forecast!F16/(1+$B40)^(4-$B$6*0.5)+Forecast!G16/(1+$B40)^(5-$B$6*0.5)+(Forecast!G16*(1+D$37)/($B40-D$37))/(1+$B40)^5 -> 475.0856 | E40: =Forecast!C16/(1+$B40)^(1-$B$6*0.5)+Forecast!D16/(1+$B40)^(2-$B$6*0.5)+Forecast!E16/(1+$B40)^(3-$B$6*0.5)+Forecast!F16/(1+$B40)^(4-$B$6*0.5)+Forecast!G16/(1+$B40)^(5-$B$6*0.5)+(Forecast!G16*(1+E$37)/($B40-E$37))/(1+$B40)^5 -> 498.41247 | F40: =Forecast!C16/(1+$B40)^(1-$B$6*0.5)+Forecast!D16/(1+$B40)^(2-$B$6*0.5)+Forecast!E16/(1+$B40)^(3-$B$6*0.5)+Forecast!F16/(1+$B40)^(4-$B$6*0.5)+Forecast!G16/(1+$B40)^(5-$B$6*0.5)+(Forecast!G16*(1+F$37)/($B40-F$37))/(1+$B40)^5 -> 525.0007 | G40: =Forecast!C16/(1+$B40)^(1-$B$6*0.5)+Forecast!D16/(1+$B40)^(2-$B$6*0.5)+Forecast!E16/(1+$B40)^(3-$B$6*0.5)+Forecast!F16/(1+$B40)^(4-$B$6*0.5)+Forecast!G16/(1+$B40)^(5-$B$6*0.5)+(Forecast!G16*(1+G$37)/($B40-G$37))/(1+$B40)^5 -> 555.58565
B41: =$B$4+0.005 -> 0.111525 | C41: =Forecast!C16/(1+$B41)^(1-$B$6*0.5)+Forecast!D16/(1+$B41)^(2-$B$6*0.5)+Forecast!E16/(1+$B41)^(3-$B$6*0.5)+Forecast!F16/(1+$B41)^(4-$B$6*0.5)+Forecast!G16/(1+$B41)^(5-$B$6*0.5)+(Forecast!G16*(1+C$37)/($B41-C$37))/(1+$B41)^5 -> 429.38012 | D41: =Forecast!C16/(1+$B41)^(1-$B$6*0.5)+Forecast!D16/(1+$B41)^(2-$B$6*0.5)+Forecast!E16/(1+$B41)^(3-$B$6*0.5)+Forecast!F16/(1+$B41)^(4-$B$6*0.5)+Forecast!G16/(1+$B41)^(5-$B$6*0.5)+(Forecast!G16*(1+D$37)/($B41-D$37))/(1+$B41)^5 -> 447.42846 | E41: =Forecast!C16/(1+$B41)^(1-$B$6*0.5)+Forecast!D16/(1+$B41)^(2-$B$6*0.5)+Forecast!E16/(1+$B41)^(3-$B$6*0.5)+Forecast!F16/(1+$B41)^(4-$B$6*0.5)+Forecast!G16/(1+$B41)^(5-$B$6*0.5)+(Forecast!G16*(1+E$37)/($B41-E$37))/(1+$B41)^5 -> 467.69064 | F41: =Forecast!C16/(1+$B41)^(1-$B$6*0.5)+Forecast!D16/(1+$B41)^(2-$B$6*0.5)+Forecast!E16/(1+$B41)^(3-$B$6*0.5)+Forecast!F16/(1+$B41)^(4-$B$6*0.5)+Forecast!G16/(1+$B41)^(5-$B$6*0.5)+(Forecast!G16*(1+F$37)/($B41-F$37))/(1+$B41)^5 -> 490.60061 | G41: =Forecast!C16/(1+$B41)^(1-$B$6*0.5)+Forecast!D16/(1+$B41)^(2-$B$6*0.5)+Forecast!E16/(1+$B41)^(3-$B$6*0.5)+Forecast!F16/(1+$B41)^(4-$B$6*0.5)+Forecast!G16/(1+$B41)^(5-$B$6*0.5)+(Forecast!G16*(1+G$37)/($B41-G$37))/(1+$B41)^5 -> 516.71365
B42: =$B$4+0.01 -> 0.116525 | C42: =Forecast!C16/(1+$B42)^(1-$B$6*0.5)+Forecast!D16/(1+$B42)^(2-$B$6*0.5)+Forecast!E16/(1+$B42)^(3-$B$6*0.5)+Forecast!F16/(1+$B42)^(4-$B$6*0.5)+Forecast!G16/(1+$B42)^(5-$B$6*0.5)+(Forecast!G16*(1+C$37)/($B42-C$37))/(1+$B42)^5 -> 406.93288 | D42: =Forecast!C16/(1+$B42)^(1-$B$6*0.5)+Forecast!D16/(1+$B42)^(2-$B$6*0.5)+Forecast!E16/(1+$B42)^(3-$B$6*0.5)+Forecast!F16/(1+$B42)^(4-$B$6*0.5)+Forecast!G16/(1+$B42)^(5-$B$6*0.5)+(Forecast!G16*(1+D$37)/($B42-D$37))/(1+$B42)^5 -> 422.82355 | E42: =Forecast!C16/(1+$B42)^(1-$B$6*0.5)+Forecast!D16/(1+$B42)^(2-$B$6*0.5)+Forecast!E16/(1+$B42)^(3-$B$6*0.5)+Forecast!F16/(1+$B42)^(4-$B$6*0.5)+Forecast!G16/(1+$B42)^(5-$B$6*0.5)+(Forecast!G16*(1+E$37)/($B42-E$37))/(1+$B42)^5 -> 440.55076 | F42: =Forecast!C16/(1+$B42)^(1-$B$6*0.5)+Forecast!D16/(1+$B42)^(2-$B$6*0.5)+Forecast!E16/(1+$B42)^(3-$B$6*0.5)+Forecast!F16/(1+$B42)^(4-$B$6*0.5)+Forecast!G16/(1+$B42)^(5-$B$6*0.5)+(Forecast!G16*(1+F$37)/($B42-F$37))/(1+$B42)^5 -> 460.45242 | G42: =Forecast!C16/(1+$B42)^(1-$B$6*0.5)+Forecast!D16/(1+$B42)^(2-$B$6*0.5)+Forecast!E16/(1+$B42)^(3-$B$6*0.5)+Forecast!F16/(1+$B42)^(4-$B$6*0.5)+Forecast!G16/(1+$B42)^(5-$B$6*0.5)+(Forecast!G16*(1+G$37)/($B42-G$37))/(1+$B42)^5 -> 482.95476

Sheet Checks
A1: Integrity checks
A2: Every line must read OK before any output is used.
A4: Check | B4: Status
A5: WACC exceeds terminal growth | B5: =IF(Assumptions!B28>Assumptions!B31,"OK","FAIL") -> OK
A6: Equity + debt weights sum to 100% | B6: =IF(ROUND(Assumptions!B24+Assumptions!B25,6)=1,"OK","FAIL") -> OK
A7: All forecast FCF values are numeric | B7: =IF(COUNT(Forecast!C16:G16)=5,"OK","FAIL") -> OK
A8: Enterprise value is positive | B8: =IF(DCF!B25>0,"OK","FAIL") -> OK
A9: Terminal value below 85% of enterprise value | B9: =IF(DCF!B26<0.85,"OK","REVIEW") -> OK
A10: Gordon TV within 25% of exit-multiple cross-check | B10: =IF(ABS(DCF!B16/DCF!B19-1)<0.25,"OK","REVIEW") -> OK
A11: Equity value is positive | B11: =IF(DCF!B31>0,"OK","FAIL") -> OK
A12: Cash tax rate between 0% and 50% | B12: =IF(AND(Assumptions!B15>=0,Assumptions!B15<=0.5),"OK","FAIL") -> OK
A14: Master check | B14: =IF(COUNTIF(B5:B12,"FAIL")=0,"ALL OK","ERRORS") -> ALL OK
